 Dungeon Crawl Stone Soup version 0.30-b1-2-g02819fbbbe (webtiles) character file.

Game seed: 6851135822353417256

19391 hadoken the Severer (level 12, -3/118 HPs)
             Began as a Hill Orc Monk on May 24, 2023.
             Was a Priest of Uskayaw.
             Slain by a skyshark (9 damage)
             ... on level 4 of the Lair of Beasts.
             The game lasted 00:22:21 (13265 turns).

hadoken the Severer (Hill Orc Monk)                Turns: 13265, Time: 00:22:21

Health: -3/118     AC: 11    Str: 28    XL:     12   Next: 68%
Magic:  14/21      EV: 12    Int: 10    God:    Uskayaw [***...]
Gold:   527        SH:  0    Dex: 13    Spells: 11/11 levels left

rFire   x . .        W - +6 eveningstar
rCold   + . .        d - orb {light}
rNeg    + + .        r - +1 leather armour {rC+}
rPois   +            K - +1 helmet "Syjoatim" {rElec rF- Will+}
rElec   +            q - +1 cloak "Damnable Contraption" {Str+7}
rCorr   .            (no gloves)
SInv    +            i - +1 pair of boots
Will    +....        V - amulet "Wufuxtu" {Acrobat +Inv rN++ Str-4 SInv}
Stlth   +            Y - ring of poison resistance
HPRegen 0.39/turn    Q - +6 ring of strength
MPRegen 0.17/turn

%: acrobat
@: glowing
A: no striking features
a: Renounce Religion, Evoke Invisibility, Stomp, Line Pass


You were on level 4 of the Lair of Beasts.
You worshipped Uskayaw.
Uskayaw was pleased with you.
You visited 3 branches of the dungeon, and saw 16 of its levels.

You collected 827 gold pieces.
You spent 300 gold pieces at shops.

Inventory:

Hand Weapons
 u - the +5 flail "Kosuebra" {freeze, rCorr MP+9 Int+5}
   (You found it on level 2 of the Dungeon)

   Int:       It affects your intelligence (+5).
   MP:        It affects your magic capacity (+9).
   rCorr:     It protects you from acid and corrosion.
 U - a +0 demon whip of venom
 W - a +6 eveningstar (weapon)
Missiles
 l - 8 javelins (quivered)
Armour
 d - an orb of light (worn)
 i - a +1 pair of boots (worn)
 q - the +1 cloak "Damnable Contraption" (worn) {Str+7}
   (You found it on level 9 of the Dungeon)

   Str:       It affects your strength (+7).
 r - a +1 leather armour of cold resistance (worn)
 H - a scarf of resistance
 J - an orb of guile
 K - the +1 helmet "Syjoatim" (worn) {rElec rF- Will+}
   (You found it on level 5 of the Dungeon)

   rF:        It makes you vulnerable to fire.
   rElec:     It insulates you from electricity.
   Will:      It increases your willpower.
Jewellery
 a - a ring of ice
 s - an amulet of guardian spirit
 x - a ring of see invisible
 D - a ring of wizardry
 O - a ring of protection from fire
 Q - a +6 ring of strength (right hand)
 V - the amulet "Wufuxtu" (around neck) {Acrobat +Inv rN++ Str-4 SInv}
   (You found it on level 9 of the Dungeon)

   [amulet of the acrobat]

   It increases your evasion while moving and waiting.
   Str:       It affects your strength (-4).
   rN:        It greatly protects you from negative energy.
   SInv:      It lets you see invisible.
   +Inv:      It lets you turn invisible.
 Y - a ring of poison resistance (left hand)
 Z - a ring of resist corrosion
Wands
 k - a wand of flame (32)
 C - a wand of quicksilver (12)
 L - a wand of paralysis (11)
 N - a wand of mindburst (7)
 P - a wand of iceblast (7)
Scrolls
 c - 3 scrolls of enchant armour
 e - a scroll of poison
 h - a scroll of fog
 j - a scroll of magic mapping {unknown}
 n - a scroll of torment {unknown}
 w - a scroll of enchant weapon {unknown}
 y - a scroll of fear {unknown}
 T - a scroll of silence
 X - a scroll of teleportation
Potions
 b - 2 potions of berserk rage
 g - a potion of resistance
 m - 3 potions of brilliance
 o - 2 potions of cancellation
 p - 6 potions of curing
 v - 4 potions of magic
 z - 2 potions of might
 F - 2 potions of invisibility
 G - 5 potions of lignification
 I - 4 potions of haste
 M - 2 potions of heal wounds
 R - 3 potions of attraction
 S - a potion of flight


   Skills:
 + Level 14.5 Fighting
 + Level 17.1 Axes
 + Level 5.2 Armour
 - Level 2.4 Dodging
 + Level 12.3 Invocations


You had 11 spell levels left.
You didn't know any spells.
Your spell library contained the following spells:

 Spells                   Type           Power      Damage    Failure   Level
 Apportation              Tloc           0%         N/A       38%         1
 Necrotise                Necr           0%         1d4       38%         1
 Sting                    Tmut/Pois      0%         1d3       38%         1
 Summon Small Mammal      Summ           0%         N/A       38%         1
 Poisonous Vapours        Pois/Air       0%         N/A       54%         2
 Dazzling Flash           Conj/Hex       0%         N/A       77%         3
 Volatile Blastmotes      Fire/Tloc      0%         2d10      77%         3
 Iskenderun's Mystic Bla  Conj/Tloc      0%         2d3       99%         4
 Olgreb's Toxic Radiance  Pois           0%         N/A       99%         4
 Summon Ice Beast         Ice/Summ       0%         N/A       99%         4
 Summon Mana Viper        Hex/Summ       0%         N/A       100%        5
 Starburst                Conj/Fire      0%         6d3       100%        6
 Monstrous Menagerie      Summ           0%         N/A       100%        7


Dungeon Overview and Level Annotations

Branches:
Dungeon (11/15)            Temple (1/1) D:6            Lair (4/5) D:8
  Snake (0/4) Lair:3        Slime (0/5) Lair:4
  Swamp: Lair:2-3    Shoals: Lair:2-3       Orc: D:9-12

Altars:
Ashenzari
Cheibriados
Dithmenos
Elyvilon
Fedhas
Gozag
Hepliaklqana
Kikubaaqudgha
Makhleb
Nemelex Xobeh
Okawaru
Qazlal
Ru
Sif Muna
Trog
Uskayaw
Vehumet
Wu Jian
Xom
Yredelemnul
Zin
The Shining One
Beogh

Shops:
D:4 (   D:6 [   D:9 :*

Annotations:
D:10 Erica


Message History

Uskayaw will force your foes to helplessly watch your dance.
You puncture the skyshark!
The skyshark is severely wounded.
The skyshark bites you! The skyshark barely misses you.
The skyshark tail-slaps you but does no damage.
Aiming: Paralyse
Press: ? - help, Shift-Dir - straight line, f - skyshark
Aim: a skyshark (severely wounded, berserk, confused, haloed, chance to affect: 31%)
Okay, then.
Aiming: Mindburst
Press: ? - help, Shift-Dir - straight line, f - skyshark
Aim: a skyshark (severely wounded, berserk, confused, haloed, chance to affect: 47%)
The skyshark resists with some effort.
The skyshark seems less confused.
The skyshark bites you. The skyshark tail-slaps you.
The skyshark tail-slaps you!
You sock the skyshark!
The skyshark is severely wounded.
The skyshark bites you!
* * * LOW HITPOINT WARNING * * *
The skyshark tail-slaps you but does no damage.
The skyshark closely misses you. The skyshark completely misses you.
The skyshark tail-slaps you but does no damage.
The skyshark tail-slaps you!
* * * LOW HITPOINT WARNING * * *
Aiming: Line Pass
Press: ? - help, Dir - move target, p - skyshark The skyshark appears confused.
The skyshark bites you.
* * * LOW HITPOINT WARNING * * *
The skyshark completely misses you. The skyshark closely misses you.
Unknown command.
You hit the skyshark but do no damage.
The skyshark is severely wounded.
You puncture the skyshark!
The skyshark is almost dead.
The skyshark misses you. The skyshark closely misses you. x2
You hit the skyshark.
The skyshark is almost dead.
The skyshark seems less confused.
The skyshark misses you. The skyshark tail-slaps you!
You die...

##†.....# .. # #......#
...#.##...†..##
..............##
.............#.#### .
#.#...........#.#P#####..
.........................
..............(..........
.....#........l@.........
.>.........../...........
.....#...................
.........................
...........!..........$
.....#####.####.#.#.##
....# ### ###### .#


You could see a skyshark (berserk).

Vanquished Creatures
  Fannar (D:10)
  A boulder beetle (Lair:3)
  3 two-headed ogres
  Urug (D:10)
  Amaemon (D:9)
  3 elephants (Lair:3)
  A black mamba (Lair:3)
  An orange demon (D:9)
  2 rime drakes (Lair:4)
  7 cane toads
  2 komodo dragons
  A polar bear (Lair:1)
  A troll (D:9)
  Grinder (D:4)
  A hornet (D:10)
  10 blink frogs
  2 shadows (D:10)
  A wyvern (Lair:4)
  2 wraiths
  6 yaks (D:9)
  Eustachio (D:4)
  2 basilisks (Lair:3)
  Grum (D:10)
  3 steam dragons
  Menkaure (D:7)
  2 wargs (D:8)
  An acid dragon (D:10)
  3 nagas (Lair:3)
  6 water moccasins
  3 orc warriors
  4 ice beasts
  3 black bears
  A sky beast (D:8)
  3 wolves (D:10)
  2 centaurs
  A phantom (D:5)
  4 kobold brigands
  6 bullfrogs
  5 scorpions
  2 gnoll sergeants
  5 wights (D:9)
  An electric eel (D:6)
  2 howler monkeys
  7 orc priests
  2 jellies
  4 hounds
  Jessica (D:2)
  6 iguanas
  Ijyb (D:4)
  6 orc wizards
  Robin (D:3)
  15 gnolls
  10 adders
  A shadow imp (D:6)
  3 white imps
  An ufetubus (D:6)
  3 dart slugs
  46 orcs
  6 endoplasms
  2 giant cockroaches
  12 hobgoblins
  2 jackals (D:1)
  4 quokkas
  8 ball pythons
  4 bats
  7 frilled lizards
  23 goblins
  29 kobolds
  6 rats
320 creatures vanquished.

Vanquished Creatures (others)
  3 orcs (D:7)
  9 fungi
  10 plants
22 creatures vanquished.

Grand Total: 342 creatures vanquished

Notes
Turn   | Place    | Note
-------+----------+-------------------------------------------
     0 | D:1      | hadoken the Hill Orc Monk began the quest for the Orb.
     0 | D:1      | Reached XP level 1. HP: 19/19 MP: 1/1
   212 | D:1      | Reached XP level 2. HP: 19/26 MP: 2/2
   308 | D:1      | Reached skill level 5 in Axes
   571 | D:1      | Reached XP level 3. HP: 28/31 MP: 3/3
   993 | D:2      | Reached skill level 6 in Axes
  1217 | D:3      | Noticed Robin
  1226 | D:3      | Reached XP level 4. HP: 35/39 MP: 4/4
  1277 | D:3      | Killed Robin
  1321 | D:3      | Found a shimmering blue altar of Sif Muna.
  1322 | D:3      | Found a white marble altar of Elyvilon.
  1452 | D:3      | Reached skill level 7 in Axes
  1470 | D:3      | Reached XP level 5. HP: 40/45 MP: 5/5
  1731 | D:2      | Reached skill level 8 in Axes
  1908 | D:2      | Identified the +5 flail "Kosuebra" {freeze, rCorr MP+9
                  | Int+5}
  2028 | D:2      | Noticed Jessica
  2035 | D:2      | Killed Jessica
  2036 | D:2      | Reached XP level 6. HP: 41/52 MP: 6/6
  2966 | D:4      | Found Iteel's Antique Weapon Shoppe.
  2967 | D:4      | Noticed Ijyb
  2973 | D:4      | Killed Ijyb
  3069 | D:4      | Reached skill level 9 in Axes
  3121 | D:4      | Found a roughly hewn altar of Beogh.
  3121 | D:4      | Found the +7 staff of the Meek {protect, meekguard}
  3161 | D:4      | Reached skill level 5 in Fighting
  3161 | D:4      | Reached XP level 7. HP: 61/61 MP: 7/7
  3292 | D:4      | Noticed Grinder
  3296 | D:5      | Entered Level 5 of the Dungeon
  3418 | D:4      | Paralysed by Grinder for 4 turns
  3434 | D:4      | Killed Grinder
  3435 | D:4      | Reached skill level 10 in Axes
  3613 | D:4      | Noticed Eustachio
  3621 | D:4      | Killed Eustachio
  3622 | D:4      | Reached XP level 8. HP: 70/73 MP: 8/8
  3985 | D:4      | Reached skill level 11 in Axes
  4681 | D:5      | Identified the +1 helmet "Syjoatim" {rElec rF- Will+}
  4719 | D:5      | Found a glowing golden altar of the Shining One.
  5025 | D:6      | Reached skill level 12 in Axes
  5034 | D:6      | Reached XP level 9. HP: 80/82 MP: 9/9
  5119 | D:6      | Found Lurat's Armour Shoppe.
  5166 | D:6      | Found a staircase to the Ecumenical Temple.
  5181 | Temple   | Entered the Ecumenical Temple
  5324 | Temple   | Became a worshipper of Uskayaw the Reveller
  5324 | Temple   | Reached * piety under Uskayaw
  5353 | D:6      | Reached ** piety under Uskayaw
  5507 | D:6      | Reached *** piety under Uskayaw
  5514 | D:6      | Reached skill level 1 in Invocations
  5744 | D:7      | Noticed Menkaure
  5752 | D:7      | Killed Menkaure
  5887 | D:7      | Reached skill level 10 in Fighting
  6039 | D:7      | Found a hazy altar of Hepliaklqana.
  6039 | D:7      | Found a burning altar of Makhleb.
  6295 | D:8      | Reached skill level 13 in Axes
  6641 | D:8      | Noticed a two-headed ogre
  6648 | D:8      | Killed a two-headed ogre
  6649 | D:8      | Reached skill level 5 in Invocations
  6649 | D:8      | Reached XP level 10. HP: 76/94 MP: 14/14
  6778 | D:8      | Reached **** piety under Uskayaw
  6782 | D:8      | Reached ***** piety under Uskayaw
  6809 | D:8      | Found a staircase to the Lair.
  7331 | D:9      | Reached skill level 14 in Axes
  7394 | D:9      | Found Juff's Assorted Antiques.
  7515 | D:9      | Bought a scroll of enchant armour for 180 gold pieces
  7515 | D:9      | Bought a potion of berserk rage for 120 gold pieces
  7601 | D:9      | Noticed an orange demon
  7617 | D:9      | Killed an orange demon
  7626 | D:9      | Noticed Amaemon
  7638 | D:9      | Killed Amaemon
  8004 | D:9      | Noticed a two-headed ogre
  8012 | D:9      | Killed a two-headed ogre
  8013 | D:9      | Reached skill level 15 in Axes
  8013 | D:9      | Reached XP level 11. HP: 104/104 MP: 17/17
  8304 | D:9      | Identified the amulet "Wufuxtu" {Acrobat +Inv rN++ Str-4
                  | SInv}
  8606 | D:9      | Found Yhioxijeq's Book Boutique.
  8635 | D:9      | Identified the +1 cloak "Damnable Contraption" {Str+7}
  8938 | D:10     | Entered Level 10 of the Dungeon
  8987 | D:10     | Noticed Grum
  8995 | D:10     | Killed Grum
  9039 | D:10     | Noticed Urug
  9315 | D:10     | Killed Urug
  9545 | D:10     | Found a sparkling altar of Nemelex Xobeh.
  9705 | D:10     | Found a broken altar of Ashenzari.
  9747 | D:10     | Noticed Erica
 10018 | D:10     | Noticed Fannar
 10029 | D:10     | Killed Fannar
 10030 | D:10     | Reached skill level 10 in Invocations
 10151 | D:10     | Noticed a two-headed ogre
 10172 | D:10     | Killed a two-headed ogre
 10798 | Lair:1   | Entered Level 1 of the Lair of Beasts
 10832 | Lair:1   | Reached skill level 16 in Axes
 11108 | Lair:1   | Reached skill level 1 in Armour
 11850 | Lair:2   | Reached XP level 12. HP: 100/116 MP: 20/20
 11995 | Lair:2   | You fall into a shaft and drop 2 floors!
 12345 | Lair:3   | Noticed a boulder beetle
 12355 | Lair:3   | Killed a boulder beetle
 12389 | Lair:3   | Found a gate leading to a gauntlet.
 12463 | Lair:3   | Found a staircase to the Snake Pit.
 13056 | Lair:4   | Reached skill level 17 in Axes
 13076 | Lair:4   | Reached skill level 5 in Armour
 13088 | Lair:4   | Found a staircase to the Slime Pits.
 13250 | Lair:4   | Noticed a skyshark
 13262 | Lair:4   | HP: 5/118 [skyshark (5)]
 13265 | Lair:4   | Slain by a skyshark

Illustrated notes

Levels and vault maps discovered:
D:1:      sevenhm_arrival_forest_fort_small_6, layout_loops_ring,
          nrook_mini_vaults, amcnicky_mini_pool_small, minmay_misc_feat_alley,
          minivault_23, minmay_misc_feat_room
D:2:      layout_basic, small_statue_intersection,
          chequers_serial_rivers_micro_a, uniq_jessica
D:3:      layout_loops_ring, minitemple, wander_ebering_terrifying_dragon_lair,
          uniq_robin
D:4:      layout_loops_ring, nicolae_stop_n_shop_2, pf_guarded_unrand_meek,
          uniq_eustachio, uniq_grinder, uniq_ijyb
D:5:      layout_gridville, tso_oasis_becter, serial_bayou_pond_d
D:6:      layout_basic, minmay_temple_entry_gardened_gates, serial_shops, shop,
          serial_park_tiny_pond, amcnicky_mini_pool_medium
D:7:      layout_rooms, grunt_temple_overflow_open, uniq_menkaure
D:8:      layout_loops_ring, erik_lair_orcish_takeover, chequers_mini_garden,
          bh_walls_and_bars
D:9:      layout_stronghold, enter_bailey_4, serial_shops,
          nicolae_stop_n_shop_2, kennysheep_mini, uniq_amaemon
D:10:     layout_loops_ring, nemelex_diamond_rough_becter,
          amcnicky_altar_gilded, uniq_urug, uniq_erica, uniq_fannar, uniq_grum
D:11:     layout_irregular_city, hiddenorc1_lemuel,
          portal_ice_cave_entry_pillars_2
Temple:   nicolae_temple_bog_church
Lair:1:   layout_small_grid, st_stairs_13, grunt_megastairs_5
Lair:2:   layout_roguey, elwin_shoals_entry_rooms, chequers_serial_rivers_marsh,
          uniq_gastronok
Lair:3:   layout_loops_ring, nicolae_snake_entry_squirm, gauntlet_entry_generic
Lair:4:   layout_big_grid, nicolae_slime_entry_slimehenge,
          cheibrodos_lair_lostbears

Skill      XL: |  1  2  3  4  5  6  7  8  9 10 11 12 |
---------------+-------------------------------------+-----
Axes           | 5 6 7 8 9 10 12 13 15 16 17 | 17.1
Fighting       | 5 7 8 10 12 13 14 | 14.5
Invocations    | 5 8 11 12 | 12.3
Armour         | 2 5 |  5.2
Dodging        | |  2.4

Action                     |  1- 3 |  4- 6 |  7- 9 | 10-12 || total
---------------------------+-------+-------+-------+-------++-------
  Melee: Hand axe          |    98 |    72 |       |       ||   170
         War axe           |       |    32 |       |       ||    32
         Flail             |       |    39 |   236 |   159 ||   434
         Eveningstar       |       |       |       |   209 ||   209
  Throw: Javelin           |     7 |       |       |       ||     7
 Invoke: Stomp             |       |       |     2 |     9 ||    11
         Line Pass         |       |       |     1 |     2 ||     3
  Evoke: Wand              |       |       |     3 |     9 ||    12
    Use: Scroll            |       |     6 |     6 |     9 ||    21
         Potion            |       |     1 |     3 |     4 ||     8
   Stab: Paralysed         |       |       |    10 |    32 ||    42
         Confused          |       |       |     1 |     1 ||     2
 Armour: Robe              |     8 |       |       |       ||     8
         Ring mail         |    18 |    35 |       |       ||    53
         Leather armour    |       |    15 |    81 |    97 ||   193
         Skin              |       |     1 |       |       ||     1
         Steam dragon scal |       |       |     1 |       ||     1
  Dodge: Dodged            |    56 |   105 |   156 |   270 ||   587
